Map: Last Remnant

Players

xXGHOSTARXx

  • Race: Protoss Protoss
  • Spawn Location: 6:00

sombraoscura

  • Race: Protoss Protoss
  • Spawn Location: 6:00

gustavo

  • Race: Protoss Protoss
  • League: Gold
  • Spawn Location: 7:00

Dragoon

  • Race: Terran Terran
  • Spawn Location: 9:00

TRexiumPluto - Winner!

  • Race: Protoss Protoss
  • Spawn Location: 12:00

Infamous - Winner!

  • Race: Protoss Protoss
  • League: Gold
  • Spawn Location: 3:00

IoStef - Winner!

  • Race: Terran Terran
  • Spawn Location: 12:00

cxh - Winner!

  • Race: Terran Terran
  • Spawn Location: 1:00

VOD

Have the link to the VOD?

Description

Time

  • Played on: April 16, 2018, 11:16 a.m.
  • Length: 4:11
Show
View Real Time Build Order
Export as new Build Order

xXGHOSTARXx Protoss 

Build Orders:  

Get SALT Encoding   

Show
View Real Time Build Order
Export as new Build Order

sombraoscura Protoss 

Build Orders:  

Get SALT Encoding   

Show
View Real Time Build Order
Export as new Build Order

gustavo Protoss 

Build Orders:  

Get SALT Encoding   

  12  0:04  Probe (Chrono Boost)  
  13  0:13  Probe (Chrono Boost)  
  14  0:18  Probe (Chrono Boost)  
  15  0:34  Pylon  
  15  0:47  Pylon  
  15  0:52  Probe  
  16  0:57  Forge  
  16  1:04  Probe (Chrono Boost)  
  17  1:09  Assimilator  
  17  1:13  Assimilator  
  17  1:16  Probe (Chrono Boost)  
  18  1:21  Probe (Chrono Boost)  
  19  1:30  Probe  
  20  1:48  Nexus  
  20  2:13  Photon Cannon  
Show
View Real Time Build Order
Export as new Build Order

Dragoon Terran 

Build Orders:  

Get SALT Encoding   

  12  0:03  SCV  
  13  0:29  Engineering Bay  
  13  0:52  Supply Depot  
  13  0:58  Refinery  
  13  1:15  Supply Depot  
  13  1:40  Barracks  
  13  1:44  Barracks  
  12  2:40  Marine  
  12  2:58  Marine  
  13  3:02  Marine  
  14  3:15  Marine  
  14  3:19  Marine  
  16  3:33  Marine  
  17  3:37  Marine  
  17  3:51  Marine  
Show
View Real Time Build Order
Export as new Build Order

TRexiumPluto Protoss - Winner!

Build Orders:  

Get SALT Encoding   

  12  0:05  Probe (Chrono Boost)  
  13  0:13  Probe (Chrono Boost)  
  14  0:20  Pylon  
  14  0:45  Pylon  
  14  0:47  Forge  
  14  0:54  Gateway  
  14  1:00  Probe (Chrono Boost)  
  15  1:10  Assimilator  
  16  1:11  Probe (Chrono Boost)  
  16  1:22  Photon Cannon  
  16  1:53  Pylon  
  16  2:13  Photon Cannon  
  16  2:23  Pylon  
  16  2:39  Probe (Chrono Boost)  
  17  2:45  Assimilator  
  17  2:46  Probe (Chrono Boost)  
  17  2:50  Cybernetics Core  
  18  2:53  Probe  
  18  2:55  Pylon  
  19  3:02  Pylon  
  19  3:08  Probe (Chrono Boost)  
  20  3:16  Probe (Chrono Boost)  
  21  3:22  Probe  
  21  3:25  Pylon  
  22  3:30  Pylon  
  22  4:07  Photon Cannon  
Show
View Real Time Build Order
Export as new Build Order

Infamous Protoss - Winner!

Build Orders: Phoenix Opening 

Get SALT Encoding   

  12  0:01  Probe  
  13  0:15  Probe  
  13  0:19  Pylon  
  14  0:27  Probe (Chrono Boost)  
  15  0:38  Probe (Chrono Boost)  
  15  0:39  Gateway  
  16  0:53  Probe  
  17  0:57  Assimilator  
  17  1:05  Probe  
  18  1:17  Probe  
  19  1:27  Cybernetics Core  
  19  1:29  Probe (Chrono Boost)  
  20  1:35  Assimilator  
  20  1:36  Pylon  
  20  1:40  Probe (Chrono Boost)  
  21  1:48  Probe  
  22  2:04  Nexus  
  22  2:06  Probe  
  23  2:15  Stargate  
  23  2:17  Warp Gate  
  23  2:18  Probe (Chrono Boost)  
  24  2:35  Probe  
  25  2:46  Pylon  
  25  2:47  Probe  
  26  3:02  Phoenix (Chrono Boost)  
  28  3:11  Probe  
  29  3:13  Stargate  
  29  3:27  Phoenix (Chrono Boost)  
  31  3:48  Probe x2  
  32  3:52  Assimilator  
  32  3:54  Assimilator  
Show
View Real Time Build Order
Export as new Build Order

IoStef Terran - Winner!

Build Orders:  

Get SALT Encoding   

  12  0:13  SCV  
  13  0:25  SCV  
  14  0:29  Supply Depot  
  14  0:37  SCV  
  15  0:50  SCV  
  15  0:53  Barracks  
  16  1:02  SCV  
  17  1:08  Refinery  
  17  1:21  SCV  
  18  1:33  SCV  
  19  1:45  SCV  
  20  1:50  Refinery  
  20  1:53  Supply Depot, Marine  
  21  1:58  Orbital Command  
  21  2:11  Marine  
  22  2:18  Factory  
  22  2:29  Marine  
  23  2:32  SCV  
  24  2:44  SCV  
  24  2:47  Marine  
  24  2:49  Barracks  
  26  2:57  SCV  
  27  3:03  Factory Tech Lab  
  27  3:05  Marine  
  28  3:06  Factory  
  28  3:09  SCV  
  29  3:22  Marine  
  30  3:30  Siege Tank  
  33  3:36  Marine, Barracks  
  33  3:40  Marine  
Show
View Real Time Build Order
Export as new Build Order

cxh Terran - Winner!

Build Orders:  

Get SALT Encoding   

  12  0:09  SCV  
  13  0:21  SCV  
  14  0:29  Supply Depot  
  14  0:41  SCV  
  15  0:52  Barracks  
  15  0:53  SCV  
  16  1:03  Refinery  
  16  1:05  SCV  
  17  1:13  Barracks  
  17  1:17  SCV  
  18  1:30  SCV  
  19  1:34  Engineering Bay  
  19  1:42  Marine, SCV  
  21  1:50  Supply Depot  
  21  1:54  SCV  
  22  2:04  Reaper  
  23  2:09  Refinery  
  23  2:12  SCV  
  23  2:13  Supply Depot  
  24  2:29  Reaper  
  25  2:36  Orbital Command  
  25  2:40  Reaper  
  26  3:01  Missile Turret  
  26  3:28  Reaper x2  
  28  3:36  SCV  
  29  3:48  SCV  
Tags
 
Add a new tag
Caveats
  • Supply blocks, unpowered buildings, or Contaminate may cause inaccurate times.
  • Supply counts are checked every 10 seconds.